 Dungeon Crawl Stone Soup version 0.30-a0-1016-gfb0d676c02 (webtiles) character file.

Game seed: 14362677966870128306

477 Jase the Cutter (level 6, -5/51 HPs)
             Began as an Armataur Warper on Apr 6, 2023.
             Slain by a gnoll
             ... wielding a +0 halberd
             ... led by a gnoll bouda
              (8 damage)
             ... on level 4 of the Dungeon.
             The game lasted 00:11:47 (2713 turns).

Jase the Cutter (Armataur Warper)                   Turns: 2713, Time: 00:11:47

Health: -5/51      AC:  5    Str: 16    XL:     6   Next: 85%
Magic:  4/8        EV:  9    Int: 13    God:
Gold:   222        SH:  0    Dex: 12    Spells: 4/8 levels left

rFire   . . .      SeeInvis .    b - +4 dagger (vamp)
rCold   . . .      Faith    .    (no shield)
rNeg    . . .      Spirit   .    g - +0 leather armour
rPois   .          Reflect  .    (no helmet)
rElec   .          Roll     +    q - +0 cloak
rCorr   .                        (no gloves)
Will    .....                    (no barding)
Stlth   ++                       (no amulet)
HPRegen 0.28/turn                (no ring)
MPRegen 0.11/turn                (no ring)

@: very slightly contaminated
A: large, rugged brown scales 3, deformed body, armoured tail, roll, long
tongue, awkward tongue
a: no special abilities


You were on level 4 of the Dungeon.
You visited 1 branch of the dungeon, and saw 4 of its levels.
You also visited: Sewer.

You collected 222 gold pieces.

Inventory:

Hand Weapons
 b - a +4 vampiric dagger (weapon)
Missiles
 d - 7 boomerangs of dispersal (quivered)
 e - 6 javelins
 m - 15 poisoned darts
Armour
 g - a +0 leather armour (worn)
 q - a +0 cloak (worn)
 u - a +0 buckler
Jewellery
 h - a ring of ice
Wands
 a - a wand of roots (7)
Scrolls
 c - 3 scrolls of blinking
 i - a scroll of enchant weapon {unknown}
 k - a scroll of noise {unknown}
 n - 4 scrolls of fog
 r - a scroll of fear {unknown}
 s - a scroll of immolation {unknown}
 t - a scroll of amnesia {unknown}
 w - a scroll of teleportation {unknown}
Potions
 f - a potion of heal wounds
 j - 2 potions of curing
 l - 3 potions of brilliance
 o - a potion of mutation
 p - 2 potions of attraction {unknown}
 v - a potion of flight
 x - a potion of invisibility {unknown}
 z - a potion of lignification {unknown}


   Skills:
 - Level 1.7 Fighting
 * Level 4.9 Short Blades
 - Level 1.0 Throwing
 - Level 1.2 Armour
 - Level 1.3 Dodging
 + Level 4.0 Stealth
 - Level 1.7 Spellcasting
 + Level 4.6 Translocations


You had 4 spell levels left.
You knew the following spells:

 Your Spells              Type           Power      Damage    Failure   Level
a - Blink                 Tloc           26%        N/A       7%          2
b - Lesser Beckoning      Tloc           26%        N/A       7%          2

Your spell library contained the following spells:

 Spells                   Type           Power      Damage    Failure   Level
 Apportation              Tloc           26%        N/A       4%          1
 Teleport Other           Tloc           13%        N/A       14%         3
 Necrotise                Necr           4%         1d4       32%         1
 Summon Small Mammal      Summ           4%         N/A       32%         1
 Vhi's Electric Charge    Tloc/Air       14%        N/A       36%         3
 Scorch                   Fire           2%         2d5       43%         2
 Sublimation of Blood     Necr           1%         N/A       43%         2
 Manifold Assault         Tloc           13%        N/A       43%         4
 Ozocubu's Armour         Ice            1%         N/A       67%         3
 Flame Wave               Conj/Fire      1%         2d4       97%         4
 Petrify                  Tmut/Erth      1%         N/A       97%         4
 Irradiate                Conj/Tmut      0%         3d11      100%        5
 Metabolic Englaciation   Hex/Ice        0%         N/A       100%        5
 Simulacrum               Ice/Necr       0%         N/A       100%        6
 Summon Cactus Giant      Summ           0%         N/A       100%        6


Dungeon Overview and Level Annotations

Branches:
Dungeon (4/15)             Temple (0/1) D:4           Sewer (visited)

Altars:


Innate Abilities, Weirdness & Mutations

You are completely covered in rugged brown scales. (AC +3, +7% HP)
Armour fits poorly on your strangely shaped body.
You have a long armoured tail.
You roll when moving toward enemies. (Rampage)
Your long tongue fully drains potion bottles. (2x potion effects)
Your tongue gives you trouble enunciating. (1.5x scroll delay)


Message History

* * * LOW HITPOINT WARNING * * *
You hit the gnoll.
You kill the gnoll!
Your Stealth skill increases to level 4!
You hit the adder.
The adder is heavily wounded.
The adder barely misses you.
The gnoll hits you from afar with a +0 halberd.
* * * LOW HITPOINT WARNING * * *
You completely miss the adder.
Your tail-slap misses the adder.
The adder is heavily wounded.
The adder bites you but does no damage.
You hit the adder.
Your tail-slap misses the adder.
The adder is severely wounded.
The gnoll hits you from afar with a +0 halberd!
* * * LOW HITPOINT WARNING * * *
The adder bites you but does no damage.
Okay, then.
Unknown command.
You hit the adder.
You feel better.
You kill the adder!
The gnoll is no longer moving quickly.
The gnoll barely misses you.
Cast which spell? (? or * to list)
Aiming: Lesser Beckoning (safe; 7% risk of failure)
Press: ? - help, Shift-Dir - straight line, f - gnoll
Aim: a gnoll, wielding a +0 halberd (100% to hit)
You miscast Lesser Beckoning.
You are very lightly contaminated with residual magic.
Nothing appears to happen.
The gnoll completely misses you.
Casting: Lesser Beckoning (safe; 7% risk of failure)
Confirm with . or Enter, or press ? or * to list all spells.
Aiming: Lesser Beckoning (safe; 7% risk of failure)
Press: ? - help, Shift-Dir - straight line, f/p - gnoll
Aim: a gnoll, wielding a +0 halberd (100% to hit)
The gnoll hurls suddenly forward!
The gnoll hits you with a +0 halberd!
* * * LOW HITPOINT WARNING * * *
Unknown command.
You barely miss the gnoll. The gnoll closely misses you.
The gnoll hits you from afar with a +0 halberd!
You die...

###.......##..............####
#..........###..........#
#.##..#.##.# ########...#
#.##..#.##.# ##### ##.#
#.##.....#.# ##...## .#
#.#...#..#.# #.....###.#
###+###....# #.........
#.....#..######.....#
#.....#..g)ggg@....#
..#.....#.############
#g'..>.o'.# ###.....###
#.....# #.....# ###+###


You could see 4 gnolls.

Vanquished Creatures
  Pargi (Sewer)
  A jelly (D:3)
  An orc priest (D:3)
  A gnoll bouda (D:4)
  2 orc wizards (D:3)
  11 gnolls
  3 adders
  2 river rats (D:4)
  2 worms
  2 dart slugs
  9 orcs
  A bat (D:2)
  4 endoplasms
  6 giant cockroaches
  4 goblins
  3 hobgoblins
  10 kobolds
  2 quokkas
  3 ball pythons
  A frilled lizard (Sewer)
  10 rats
79 creatures vanquished.

Notes
Turn   | Place    | Note
-------+----------+-------------------------------------------
     0 | D:1      | Jase the Armataur Warper began the quest for the Orb.
     0 | D:1      | Reached XP level 1. HP: 18/18 MP: 3/3
    85 | D:1      | Reached skill level 1 in Throwing
   183 | D:1      | Reached XP level 2. HP: 25/25 MP: 4/4
   203 | D:1      | Reached skill level 1 in Stealth
   390 | D:1      | Found a faded altar of an unknown god.
   519 | D:1      | Reached XP level 3. HP: 31/31 MP: 5/5
   602 | D:2      | Learned a level 2 spell: Blink
   605 | D:2      | Learned a level 2 spell: Lesser Beckoning
   846 | D:2      | Reached XP level 4. HP: 34/38 MP: 6/6
  1005 | D:2      | Identified the +1 robe of Defiance {*Slow Will+ Regen+
                  | Int+5}
  1463 | D:3      | Reached XP level 5. HP: 43/43 MP: 7/7
  2056 | D:3      | Reached XP level 6. HP: 51/51 MP: 8/8
  2293 | D:4      | Found a glowing drain.
  2346 | Sewer    | Entered a sewer
  2497 | Sewer    | Noticed Pargi
  2502 | Sewer    | Killed Pargi
  2637 | D:4      | Found a staircase to the Ecumenical Temple.
  2713 | D:4      | Slain by a gnoll

Illustrated notes

Levels and vault maps discovered:
D:1:      scummos_arrival_simple_fountains, layout_rooms,
          shapermc_ecumenical_altar_petra, minmay_stone_trees_medium
D:2:      layout_rooms, minmay_misc_feat_rugged, minmay_distorted
D:3:      layout_basic
D:4:      layout_loops_cross, makhleb_blood_cavern_becter,
          nicolae_vehumet_radiance, temple_green, portal_sewer_entry_a

Skill      XL: |  1  2  3  4  5  6 |
---------------+-------------------+-----
Throwing       | 1 |  1.0
Short Blades   | 2 3 4 |  4.9
Stealth        | 1 2 3 4 |  4.0
Translocations | 4 |  4.6
Fighting       | |  1.7
Armour         | |  1.2
Dodging        | |  1.3
Spellcasting   | |  1.7

Action                     |  1- 3 |  4- 6 || total
---------------------------+-------+-------++-------
  Melee: Short sword       |    21 |       ||    21
         Dagger            |    68 |   235 ||   303
         Punch             |     2 |     4 ||     6
         Tailslap          |    11 |    31 ||    42
   Cast: Lesser Beckoning  |       |     1 ||     1
    Use: Scroll            |       |     6 ||     6
         Potion            |       |     2 ||     2
   Stab: Sleeping          |     1 |     6 ||     7
 Armour: Leather armour    |    12 |    48 ||    60
  Dodge: Dodged            |    31 |    54 ||    85

Table legend: (Time is in decaauts)
 A = Elapsed time spent in this place.
 B = Non-inter-level travel time spent in this place.
 C = Inter-level travel time spent in this place.
 D = Time resting spent in this place.
 E = Time spent auto-exploring this place.
 F = Levels seen in this place.
 G = Mean time per level.
                   A        B        C        D        E       F      G
               +--------+--------+--------+--------+--------+-----+--------+
         Total |   2664 |   2574 |     90 |    441 |   1275 |   5 |  532.8 |
       Dungeon |   2472 |   2382 |     90 |    429 |   1246 |   4 |  618.0 |
         Sewer |    191 |    191 |      0 |     12 |     29 |   1 |  191.0 |
               +--------+--------+--------+--------+--------+-----+--------+

Top non-repeatable levels by time:
     D:3: 1002 daAuts
     D:2: 689 daAuts
     D:1: 587 daAuts
     D:4: 192 daAuts
   Sewer: 191 daAuts
